 Dungeon Crawl Stone Soup version 0.31.0-11-ge490571c62 (webtiles) character file.

Game seed: 7035751948793890321

8359 stipulation the Merchant of Misery (level 11, -5/47 HPs)
             Began as a Vine Stalker Necromancer on Feb 1, 2024.
             Was a Believer of Kikubaaqudgha.
             Slain by a blink frog (11 damage)
             ... on level 1 of the Lair of Beasts.
             The game lasted 00:24:16 (10337 turns).

stipulation the Merchant of Misery (VSNe)          Turns: 10337, Time: 00:24:16

Health: -5/47      AC:  6    Str: 15    XL:     11   Next: 29%
Magic:  0/36       EV: 12    Int: 19    God:    Kikubaaqudgha [**....]
Gold:   483        SH:  0    Dex: 15    Spells: 14/32 levels left

rFire   . . .        p - +4 dagger "Gedusoota" {flame, rC+ MP+9 Str+4}
rCold   + . .        (no shield)
rNeg    . . .        m - +0 steam dragon scales
rPois   .            u - +0 helmet
rElec   .            (no cloak)
rCorr   .            (no gloves)
SInv    .            (no boots)
Will    +....        G - amulet of regeneration
Stlth   ++           k - ring of flight
HPRegen 1.87/turn    (no ring)
MPRegen 0.25/turn

%: guardian spirit
@: lethally poisoned (-5 -> -5), animating dead, flying, studying Staves
A: fangs 3, regeneration 1, magic shield, antimagic bite, no potion heal 2
a: Renounce Religion, Unearth Wretches


You were on level 1 of the Lair of Beasts.
You worshipped Kikubaaqudgha.
Kikubaaqudgha was pleased with you.
You visited 3 branches of the dungeon, and saw 12 of its levels.

You collected 483 gold pieces.

Inventory:

Hand Weapons
 c - a +0 dagger
 j - a +1 trident of flaming
 p - the +4 dagger "Gedusoota" (weapon) {flame, rC+ MP+9 Str+4}
   (You took it off a goblin on level 3 of the Dungeon)

   Str+4:     It affects your strength (+4).
   rC+:       It protects you from cold.
   MP+9:      It affects your magic capacity (+9).
Armour
 a - a +0 robe
 m - +0 steam dragon scales (worn)
 u - a +0 helmet (worn)
Jewellery
 k - a ring of flight (left hand)
 l - a ring of ice
 w - a ring of ice
 G - an amulet of regeneration (around neck)
Wands
 g - a wand of polymorph (5)
 F - a wand of flame (14)
Scrolls
 d - a scroll of vulnerability
 h - a scroll of teleportation
 n - a scroll of enchant weapon
 q - a scroll of revelation {unknown}
 s - a scroll of silence {unknown}
 t - 3 scrolls of immolation
 y - a scroll of fog {unknown}
 z - a scroll of enchant armour {unknown}
 E - a scroll of noise {unknown}
Potions
 b - a potion of magic
 e - 9 potions of curing
 i - a potion of ambrosia
 o - a potion of might
 r - a potion of berserk rage {unknown}
 v - a potion of haste {unknown}
 x - a potion of lignification {unknown}
 A - a potion of enlightenment {unknown}
 B - a potion of degeneration {unknown}
 D - a potion of resistance
 H - a potion of brilliance {unknown}
Miscellaneous
 C - a box of beasts (inert)


   Skills:
 + Level 7.1 Short Blades
 - Level 1.5 Dodging
 - Level 2.4 Stealth
 + Level 11.1 Spellcasting
 + Level 11.6 Necromancy


You had 14 spell levels left.
You knew the following spells:

 Your Spells              Type           Power      Damage    Failure   Level
a - Necrotise             Necr           100%       1d9       1%          1
b - Vampiric Draining     Necr           53%        2d9       1%          3
c - Animate Dead          Necr           53%        N/A       1%          4
d - Curse of Agony        Necr           53%        N/A       1%          5
e - Fugue of the Fallen   Necr           53%        N/A       1%          3
f - Cigotuvi's Dreadful   Necr/Alch/Air  50%        N/A       1%          2

Your spell library contained the following spells:

 Spells                   Type           Power      Damage    Failure   Level
 Kiss of Death            Conj/Necr      100%       2d13      1%          1
 Apportation              Tloc           20%        N/A       7%          1
 Death Channel            Necr           26%        N/A       9%          6
 Blink                    Tloc           20%        N/A       10%         2
 Ensorcelled Hibernation  Hex/Ice        20%        N/A       10%         2
 Jinxbite                 Hex            20%        N/A       10%         2
 Lesser Beckoning         Tloc           20%        N/A       10%         2
 Momentum Strike          Conj/Tloc      20%        3d8       10%         2
 Borgnjor's Vile Clutch   Necr/Erth      16%        N/A       17%         5
 Passwall                 Erth           10%        N/A       21%         3
 Swiftness                Air            10%        N/A       21%         3
 Manifold Assault         Tloc           10%        N/A       54%         4
 Alistair's Intoxication  Alch           6%         N/A       88%         5
 Dispersal                Tloc           5%         N/A       100%        6
 Disjunction              Tloc           5%         N/A       100%        8


Dungeon Overview and Level Annotations

Branches:
Dungeon (10/15)            Temple (1/1) D:5            Lair (1/5) D:10
    Orc: D:9-12

Altars:
Ashenzari
Cheibriados
Dithmenos
Elyvilon
Gozag
Hepliaklqana
Kikubaaqudgha
Makhleb
Nemelex Xobeh
Okawaru
Qazlal
Ru
Sif Muna
Trog
Uskayaw
Vehumet
Xom
Zin
The Shining One

Shops:
D:1 (   D:5 *

Annotations:
D:3 3 runed translucent doors, Sobieck's ghost, weakling DEFE
D:5 2 transporters
D:8 exclusion: orange demon, Amaemon
Lair:1 Harold


Innate Abilities, Weirdness & Mutations

You have razor-sharp teeth.
Your natural rate of healing is unusually fast.
When hurt, damage is shared between your health and your magic reserves.
Your bite disrupts and absorbs the magic of your enemies.
Potions cannot restore your health.


Message History

Kikubaaqudgha accepts your kill.
The dead are slithering!
You feel very sick.
Your bullfrog zombie closely misses the scorpion.
Harold hits you from afar with a +0 halberd!
The scorpion closely misses your water moccasin zombie.
Your water moccasin zombie bites the scorpion but does no damage.
The bullfrog closely misses you.
Your yak zombie gores Harold but does no damage.
The blink frog hits you!
* * * LOW HITPOINT WARNING * * *
Your bullfrog zombie barely misses the scorpion.
As you read the scroll of fear, it crumbles to dust.
You assume a fearsome visage.
Harold looks frightened!
The dream sheep looks frightened!
The dream sheep is struck with panic!
The blink frog looks frightened!
The bullfrog looks frightened!
The scorpion looks frightened!
You feel very sick.
Your water moccasin zombie bites the scorpion.
The blink frog blinks!
Your bullfrog zombie hits the bullfrog.
Your water moccasin zombie bites Harold.
Your yak zombie gores Harold.
The bullfrog hits your yak zombie.
Casting: Vampiric Draining (safe; 1% risk of failure)
Confirm with . or Enter, or press ? or * to list all spells.
Aiming: Necrotise (safe; 1% risk of failure)
Press: ? - help, Shift-Dir - straight line, f - bullfrog
Aim: a bullfrog (almost dead, fleeing, ally target, chance to affect: 83%)
Your attack snaps the bullfrog out of its fear.
The bullfrog writhes in agony!
You kill the bullfrog!
Kikubaaqudgha accepts your kill.
The dead are hopping!
You feel sick.
The blink frog blinks!
Your water moccasin zombie barely misses Harold.
You hit the blink frog. You burn the blink frog.
Your attack snaps the blink frog out of its fear.
The blink frog is lightly wounded.
You feel sick. The blink frog hits you!
You die...
Kikubaaqudgha rasps: "You have failed me!
Welcome... death!"

##..............
................
.....#..........
....#..s........
.......Z.Z@..#
#.....Z.Z##
##...Z....##
#...F.....##
####@......#
##.....ยง.#
#........
#........
####..... .....
.Y. ..


You could see Harold (fleeing, ally target), a blink frog, a dream sheep
(fleeing), a scorpion (fleeing, ally target), 2 friendly water moccasin zombies,
a friendly yak zombie and 2 friendly bullfrog zombies.

Vanquished Creatures
  A two-headed ogre (D:9)
  A manticore (D:8)
  4 kobold demonologists (D:9)
  A komodo dragon (D:10)
  A wraith (D:9)
  A wyvern (D:9)
  5 yaks (D:10)
  2 steam dragons (D:7)
  5 water moccasins
  A black bear (D:4)
  2 ice beasts (D:7)
  2 orc warriors
  A sky beast (D:7)
  2 ogres (D:5)
  3 centaurs (D:10)
  2 phantoms
  2 kobold brigands
  2 scorpions
  4 bullfrogs
  2 gnoll sergeants
  9 killer bees
  4 howler monkeys
  4 jellies
  A bombardier beetle (D:7)
  A gnoll bouda (D:9)
  2 orc priests
  2 iguanas
  2 sleepcaps
  Terence (D:2)
  4 orc wizards
  A statue (D:4)
  Robin (D:2)
  13 gnolls
  7 adders
  A shadow imp (D:6)
  A white imp (D:6)
  3 ufetubi
  A dart slug (D:3)
  3 ribbon worms
  20 orcs
  4 ball pythons
  11 endoplasms
  20 giant cockroaches
  16 goblins
  10 hobgoblins
  4 jackals
  A quokka (D:3)
  4 bats
  3 frilled lizards
  12 kobolds
  13 rats
223 creatures vanquished.

Vanquished Creatures (collateral kills)
  A kobold demonologist (D:9)
  A wyvern (D:10)
  2 yaks (D:10)
  3 vampire mosquitoes (D:10)
  A gnoll sergeant (D:10)
  A kobold brigand (D:9)
  2 killer bees
  2 gnolls
  A goblin (D:1)
  A jackal (D:5)
  A frilled lizard (D:1)
  2 kobolds (D:9)
18 creatures vanquished.

Vanquished Creatures (others)
  A yak (Lair:1)
  A two-headed ogre zombie (D:9)
  A bullfrog (Lair:1)
  A wyvern zombie (D:9)
  A water moccasin zombie (D:8)
  A yak zombie (D:10)
  A bullfrog zombie (Lair:1)
  A centaur zombie (D:10)
  6 killer bee zombies (D:9)
  A white imp (D:7)
  A gnoll zombie (D:8)
  2 kobold zombies (D:8)
18 creatures vanquished.

Grand Total: 259 creatures vanquished

Notes
Turn   | Place    | Note
-------+----------+-------------------------------------------
     0 | D:1      | stipulation the Vine Stalker Necromancer began the quest
                  | for the Orb.
     0 | D:1      | Reached XP level 1. HP: 9/9 MP: 4/4
    96 | D:1      | Reached XP level 2. HP: 13/13 MP: 0/6
   232 | D:1      | Found Jotreme's Antique Weapon Shop.
   395 | D:1      | Reached XP level 3. HP: 15/16 MP: 8/8
   638 | D:2      | Noticed Terence
   872 | D:2      | Learned a level 3 spell: Vampiric Draining
  1005 | D:2      | Reached XP level 4. HP: 18/21 MP: 10/10
  1228 | D:2      | Noticed Robin
  1448 | D:2      | Killed Terence
  1449 | D:2      | Reached skill level 5 in Necromancy
  1801 | D:2      | Killed Robin
  1802 | D:2      | Reached XP level 5. HP: 22/24 MP: 5/11
  2342 | D:3      | Found a sacrificial altar of Ru.
  2665 | D:3      | Identified the +4 dagger "Gedusoota" {flame, rC+ MP+9
                  | Str+4}
  2781 | D:3      | Found a runed translucent gate.
  2781 | D:3      | Found a runed translucent gate.
  2781 | D:3      | Found a runed translucent gate.
  2786 | D:3      | Noticed Sobieck's ghost (weakling DEFE)
  3011 | D:4      | Noticed a phantom
  3018 | D:4      | Killed a phantom
  3019 | D:4      | Reached XP level 6. HP: 27/28 MP: 11/14
  3126 | D:4      | Found a radiant altar of Vehumet.
  3178 | D:4      | Reached skill level 5 in Spellcasting
  3494 | D:4      | Noticed a black bear
  3520 | D:4      | Killed a black bear
  3521 | D:4      | Reached XP level 7. HP: 31/32 MP: 16/16
  3952 | D:5      | Entered Level 5 of the Dungeon
  4375 | D:5      | Found Quxer's Overcharged Wands.
  4572 | D:5      | Found a staircase to the Ecumenical Temple.
  4607 | D:5      | Found a transporter.
  4779 | D:5      | Found an opulent altar of Gozag.
  4816 | D:5      | Found a transporter.
  5029 | D:5      | Learned a level 4 spell: Animate Dead
  5035 | D:5      | Learned a level 5 spell: Curse of Agony
  5081 | Temple   | Entered the Ecumenical Temple
  5086 | Temple   | Became a worshipper of Kikubaaqudgha
  5220 | D:6      | Gained mutation: You have razor-sharp teeth. [Vine Stalker
                  | growth]
  5220 | D:6      | Reached XP level 8. HP: 36/36 MP: 18/18
  5224 | D:6      | Reached skill level 1 in Short Blades
  5279 | D:6      | Noticed a boulder beetle
  5717 | D:7      | Reached * piety under Kikubaaqudgha
  5717 | D:7      | Received a gift from Kikubaaqudgha
  5727 | D:7      | Learned a level 3 spell: Fugue of the Fallen
  5730 | D:7      | Learned a level 2 spell: Cigotuvi's Dreadful Rot
  5880 | D:7      | Reached XP level 9. HP: 18/39 MP: 4/21
  6813 | D:8      | Noticed a manticore
  6828 | D:8      | Killed a manticore
  6979 | D:8      | Noticed Amaemon
  7012 | D:8      | Noticed a kobold demonologist
  7012 | D:8      | Noticed a centaur warrior
  7012 | D:8      | Noticed a manticore
  7012 | D:8      | Found the +15 Maxwell's patent armour {-Cast -Tele rElec
                  | Will+ rCorr}
  7013 | D:8      | Noticed a centaur warrior
  7013 | D:8      | Noticed a troll
  7147 | D:8      | Noticed an orange demon
  7177 | D:8      | Noticed a fire crab
  7177 | D:8      | Noticed a two-headed ogre
  7186 | D:8      | Noticed a boulder beetle
  7329 | D:9      | Noticed a two-headed ogre
  7336 | D:9      | Killed a two-headed ogre
  7337 | D:9      | Reached skill level 10 in Necromancy
  7337 | D:9      | Reached XP level 10. HP: 42/44 MP: 22/24
  7552 | D:9      | Noticed a kobold demonologist
  7555 | D:9      | Noticed a kobold demonologist
  7556 | D:9      | Noticed a kobold demonologist
  7559 | D:9      | Noticed a kobold demonologist
  7571 | D:9      | Noticed a soul eater
  7748 | D:9      | Reached skill level 5 in Short Blades
  7859 | D:9      | Noticed a kobold demonologist
  7860 | D:9      | Noticed a smoke demon
  7861 | D:9      | Killed a kobold demonologist
  7862 | D:9      | Reached skill level 10 in Spellcasting
  7868 | D:9      | Killed a kobold demonologist
  7868 | D:9      | Reached ** piety under Kikubaaqudgha
  7874 | D:9      | Killed a kobold demonologist
  7883 | D:9      | Killed a kobold demonologist
  7889 | D:9      | Killed a kobold demonologist
  8314 | D:10     | Entered Level 10 of the Dungeon
  8872 | D:10     | Reached XP level 11. HP: 43/47 MP: 26/26
  8994 | D:10     | Found a sparkling altar of Nemelex Xobeh.
  9427 | D:10     | Found a staircase to the Lair.
  9671 | D:10     | Found a staircase to the Lair.
  9954 | D:10     | Found a sparkling altar of Nemelex Xobeh.
 10310 | Lair:1   | Entered Level 1 of the Lair of Beasts
 10320 | Lair:1   | Noticed Harold
 10337 | Lair:1   | Slain by a blink frog

Illustrated notes

Levels and vault maps discovered:
D:1:      orjb1_clovarrival, layout_basic, serial_shops, nicolae_shop_stone
D:2:      minmay_roachtagon, layout_basic, uniq_robin, uniq_terence
D:3:      layout_rooms, nicolae_ru_awakened_eye, ebering_ghost_rock_garden
D:4:      layout_basic, vehumet_statue
D:5:      gammafunk_cloud_chamber, layout_rooms, grunt_gozag_breadcrumbs,
          temple_green, nicolae_shop_overcharged_wands
D:6:      layout_basic, nicolae_overflow_hidden_temple, serial_shops, shop,
          minmay_manual_mess
D:7:      layout_loops_ring
D:8:      layout_rooms, minivault_12, uniq_amaemon
D:9:      layout_loops_ring
D:10:     layout_long_grid, nemelex_diamond_rough_becter, david_lair_shrubbed
Temple:   minmay_freezing_vapour_temple
Lair:1:   layout_hall_layers, columned_hall_lemuel, serial_bayou_shore_b,
          uniq_harold, uniq_urug

Skill      XL: |  1  2  3  4  5  6  7  8  9 10 11 |
---------------+----------------------------------+-----
Spellcasting   | 3 4 5 6 7 9 10 11 | 11.1
Necromancy     | 5 6 7 8 10 11 | 11.6
Short Blades   | 3 4 6 7 |  7.1
Dodging        | |  1.5
Stealth        | |  2.4

Action                     |  1- 3 |  4- 6 |  7- 9 | 10-12 || total
---------------------------+-------+-------+-------+-------++-------
  Melee: Unarmed           |    15 |    10 |       |       ||    25
         Dagger            |   102 |   130 |   242 |   155 ||   629
         Bite              |    31 |    42 |    88 |    61 ||   222
         Trident           |       |    37 |       |       ||    37
         Punch             |       |     1 |     4 |     2 ||     7
   Cast: Necrotise         |    26 |    58 |    52 |    23 ||   159
         Vampiric Draining |       |     3 |    29 |    33 ||    65
         Animate Dead      |       |       |     2 |     6 ||     8
         Curse of Agony    |       |       |     1 |     7 ||     8
 Invoke: Unearth Wretches  |       |       |       |     2 ||     2
  Evoke: Box of beasts     |       |       |       |     1 ||     1
    Use: Scroll            |       |     2 |     2 |     6 ||    10
         Potion            |       |     1 |       |     1 ||     2
   Stab: Distracted        |     1 |     1 |       |       ||     2
         Sleeping          |       |     2 |     2 |     1 ||     5
         Paralysed         |       |       |       |     1 ||     1
 Armour: Robe              |    58 |   126 |    73 |       ||   257
         Skin              |       |     7 |       |       ||     7
         Steam dragon scal |       |       |    78 |   164 ||   242
  Dodge: Dodged            |    72 |   156 |   128 |   140 ||   496
